[Event "*** SCC Grand Prix: Titled Tuesday Blitz"]
[Site "Chess.com"]
[Date "2020.09.08"]
[Round "8"]
[White "latixxa"]
[Black "aa175"]
[Result "0-1"]
[WhiteElo "2153"]
[BlackElo "2395"]
[TimeControl "180+1"]
[EndTime "11:34:29 PDT"]
[Termination "aa175 won by resignation"]

1. c4 Nf6 2. Nc3 d5 3. cxd5 Nxd5 4. Nf3 Nxc3 5. bxc3 g6 6. h4 Bg7 7. h5 Nc6 8. Rb1 O-O 9. hxg6 hxg6 10. e4 Bg4 11. d4 e5 12. d5 Ne7 13. Bg5 f6 14. Be3 f5 15. Bd3 c6 16. c4 cxd5 17. cxd5 Nxd5 18. Qb3 fxe4 19. Bxe4 Be6 20. Qd1 Nc3 21. Qc2 Nxb1 22. Bxg6 e4 23. Bxe4 Qa5+ 24. Kf1 Bf5 25. Qc4+ Rf7 26. Bxf5 Qxf5 27. Kg1 Rc8 28. Qb3 Nc3 29.
Rh4 Qb1+ 0-1

[Event "*** SCC Grand Prix: Titled Tuesday Blitz"]
[Site "Chess.com"]
[Date "2020.09.08"]
[Round "8"]
[White "Happy1712Drummer"]
[Black "Matols"]
[Result "1-0"]
[WhiteElo "2412"]
[BlackElo "2268"]
[TimeControl "180+1"]
[EndTime "11:34:32 PDT"]
[Termination "Happy1712Drummer won by resignation"]

1. d4 Nf6 2. c4 e6 3. g3 d5 4. Bg2 Bb4+ 5. Nd2 O-O 6. Nf3 Nc6 7. O-O Re8 8. Qc2 dxc4 9. Qxc4 Be7 10. b3 Bd7 11. Bb2 Na5 12. Qc3 b6 13. Ne5 Nd5 14. Qf3 c5 15. Qxf7+ Kh8 16. Qh5 Rf8 17. dxc5 Bxc5 18.
Nf7+ Rxf7 19. Qxf7 1-0

[Event "*** SCC Grand Prix: Titled Tuesday Blitz"]
[Site "Chess.com"]
[Date "2020.09.08"]
[Round "8"]
[White "jucAxx"]
[Black "pavelalexandru07"]
[Result "0-1"]
[WhiteElo "2057"]
[BlackElo "2266"]
[TimeControl "180+1"]
[EndTime "11:34:32 PDT"]
[Termination "pavelalexandru07 won by checkmate"]

1. e4 c5 2. c3 d5 3. exd5 Qxd5 4. d4 g6 5. Nf3 Bg7 6. Be2 Nf6 7. O-O O-O 8. h3 Nc6 9. Na3 Rd8 10. dxc5 Qxc5 11. Qc2 Bf5 12. Qa4 Qb6 13. Nc4 Qc7 14. Bg5 a6 15.
Ne3 b5 16. Qb3 Be6 17. Qc2 Rac8 18. Rfd1 Qb6 19. Rxd8+ Rxd8 20. Rd1 Rc8 21. a3 a5 22. Qd3 b4 23. cxb4 axb4 24. Qb5 Qxb5 25. Bxb5 h6 26. Bxc6 Rxc6 27. Rd8+ Kh7 28. Bxf6 Bxf6 29. axb4 Bxb2 30. Nd5 Bxd5 31. Rxd5 e6 32. Rc5 Rb6 33. b5 Ba3 34. Rc3 Bb4 35. Rc7 Kg7 36. Ne5 Bd6 37. Rxf7+ Kg8 38. Nd7 Rxb5 39. Rf6 Rb1# 0-1

[Event "*** SCC Grand Prix: Titled Tuesday Blitz"]
[Site "Chess.com"]
[Date "2020.09.08"]
[Round "8"]
[White "Mr_Sinigami"]
[Black "Gloomy_Wanderer"]
[Result "0-1"]
[WhiteElo "2560"]
[BlackElo "2746"]
[TimeControl "180+1"]
[EndTime "11:34:38 PDT"]
[Termination "Gloomy_Wanderer won by resignation"]

1. d4 Nf6 2. Nf3 e6 3. Bf4 b6 4.
e3 Be7 5. h3 O-O 6. Be2 c5 7. c3 d6 8. O-O cxd4 9. exd4 Ba6 10.
Bxa6 Nxa6 11. Re1 h6 12. a4 Nc7 13. Nbd2 Qd7 14. Bh2 Qc6 15. Nb3 a6 16. Nc1 b5 17.
Nd3 Ncd5 18. Nd2 Rfc8 19. axb5 axb5 20. Qb3 Nb6 21. Nb4 Qd7 22. Bg3 Ra4 23. Rxa4 bxa4 24. Qa2 d5 25. Ra1 Bxb4 26. cxb4 Qb5 27. Bd6 Rc2 28.
Nf3 Ne4 29. Bc5 Rxf2 30. Bxb6 Rxg2+ 31. Kxg2 Qe2+ 0-1

[Event "*** SCC Grand Prix: Titled Tuesday Blitz"]
[Site "Chess.com"]
[Date "2020.09.08"]
[Round "8"]
[White "Elegance_Riks"]
[Black "ARMQUEEN"]
[Result "1-0"]
[WhiteElo "2608"]
[BlackElo "2453"]
[TimeControl "180+1"]
[EndTime "11:34:38 PDT"]
[Termination "Elegance_Riks won by resignation"]

1. d4 Nf6 2. Bg5 d5 3. e3 c5 4.
Bxf6 exf6 5. Nc3 c4 6. Nge2 f5 7. g3 Be6 8. Bg2 Na6 9. O-O Nc7 10. Nf4 b5 11. Qf3 g5 12. Nfxd5 Nxd5 13. Nxd5 Rc8 14. e4 fxe4 15. Nf6+ Ke7 16. Nxe4 Bg7 17. Nxg5 Qxd4 18. Rfe1 Bf6 19. Rad1 Qb6 20. Ne4 Bg7 21. Nd6 Qxd6 22. Rxd6 Kxd6 23. Qf4+ Ke7 24. Bh3 Bxb2 25. Bxe6 fxe6 26.
Qe3 e5 27. c3 Rc7 28. Qxe5+ 1-0

[Event "*** SCC Grand Prix: Titled Tuesday Blitz"]
[Site "Chess.com"]
[Date "2020.09.08"]
[Round "8"]
[White "Zemerovv"]
[Black "SilviusTiberius"]
[Result "0-1"]
[WhiteElo "2324"]
[BlackElo "2479"]
[TimeControl "180+1"]
[EndTime "11:34:40 PDT"]
[Termination "SilviusTiberius won by resignation"]

1. Nf3 Nf6 2. c4 g6 3. Nc3 Bg7 4. e4 d6 5. d4 O-O 6. Be2 e5 7. d5 a5 8. Bg5 h6 9. Bh4 Na6 10. Nd2 Qe8 11. O-O Nh7 12. b3 h5 13. f3 Bh6 14. a3 Nc5 15. Bf2 Bxd2 16. Qxd2 Nxb3 17. Qh6 Nxa1 18. Rxa1 Qe7 19. Be3 Bd7 20. Rf1 Qf6 21. f4 exf4 22. e5 Qxe5 23. Bxf4 Qxc3 24. Bxh5 gxh5 25.
Qxh5 Rae8 26. Bh6 Re1 27. Qh4 Rxf1+ 28. Kxf1 Re8 0-1

[Event "*** SCC Grand Prix: Titled Tuesday Blitz"]
[Site "Chess.com"]
[Date "2020.09.08"]
[Round "8"]
[White "daro94"]
[Black "sergiochess83"]
[Result "1-0"]
[WhiteElo "2973"]
[BlackElo "2833"]
[TimeControl "180+1"]
[EndTime "11:34:41 PDT"]
[Termination "daro94 won by resignation"]

1. Nf3 d5 2. b3 c5 3. e3 Nc6 4. Bb5 Bd7 5. Bb2 e6 6. O-O Nge7 7. d4 a6 8. Bd3 cxd4 9. exd4 Ng6 10. Re1 Bd6 11.
c4 O-O 12. Nc3 Nce7 13. g3 dxc4 14. bxc4 Bc6 15. Ne4 Bb4 16. Rf1 b5 17. c5 Ba5 18.
Qe2 Bc7 19. Rad1 Nd5 20. Ne5 Bxe5 21. dxe5 Qa5 22. Qh5 h6 23. Nf6+ Nxf6 24. exf6 Qxa2 25. fxg7 Rfd8 26. Bxg6 Qxb2 27. Bxf7+ 1-0

[Event "*** SCC Grand Prix: Titled Tuesday Blitz"]
[Site "Chess.com"]
[Date "2020.09.08"]
[Round "8"]
[White "GothamChess"]
[Black "Witik"]
[Result "0-1"]
[WhiteElo "2566"]
[BlackElo "2707"]
[TimeControl "180+1"]
[EndTime "11:34:41 PDT"]
[Termination "Witik won by resignation"]

1. e4 c6 2. d4 d5 3. e5 Bf5 4.
h4 Qb6 5. Nc3 h6 6. g4 Bd7 7. a3 h5 8. gxh5 Nh6 9. Bxh6 Rxh6 10. f4 e6 11. Na4 Qc7 12. b4 b6 13. c4 dxc4 14. Nf3 a5 15. bxa5 Rxa5 16. Be2 Qa7 17. Nb2 b5 18. Kf2 Bxa3 19. Qc2 c5 20.
dxc5 Bxc5+ 21. Kg2 Rxa1 0-1

[Event "*** SCC Grand Prix: Titled Tuesday Blitz"]
[Site "Chess.com"]
[Date "2020.09.08"]
[Round "8"]
[White "picturesquecheck"]
[Black "artichaud"]
[Result "1-0"]
[WhiteElo "2156"]
[BlackElo "2210"]
[TimeControl "180+1"]
[EndTime "11:34:41 PDT"]
[Termination "picturesquecheck won on time"]

1. e4 d6 2. d4 Nf6 3. Nc3 b6 4. f3 Nbd7 5. Be3 e5 6. Nge2 Be7 7. Qd2 O-O 8. O-O-O c5 9. d5 a6 10. g4 b5 11. Ng3 Nb6 12. g5 Ne8 13. h4 b4 14. Nb1 a5 15. h5 a4 16. Nf5 a3 17.
b3 Ba6 18. g6 fxg6 19. hxg6 hxg6 20. Nxg7 Nxg7 21. Qh2 Rxf3 22. Qh7+ Kf7 23. Bh3 Bc8 24. Be6+ 1-0

[Event "*** SCC Grand Prix: Titled Tuesday Blitz"]
[Site "Chess.com"]
[Date "2020.09.08"]
[Round "8"]
[White "DonPreuss"]
[Black "Nara_Kh"]
[Result "1-0"]
[WhiteElo "2246"]
[BlackElo "2370"]
[TimeControl "180+1"]
[EndTime "11:34:44 PDT"]
[Termination "DonPreuss won by resignation"]

1. d4 d5 2. e4 dxe4 3. Nc3 Nf6 4. f3 exf3 5. Nxf3 Bf5 6. Bc4 e6 7. O-O Bd6 8. Qe1 Nbd7 9. Bg5 c6 10. Ne5 Bg6 11.
Nxd7 Qxd7 12. Bxf6 gxf6 13. d5 cxd5 14. Bb5 Bxc2 15.
Bxd7+ Kxd7 16. Qe2 Bf5 17. Rxf5 exf5 18. Nxd5 Rae8 19.
Nxf6+ 1-0

[Event "*** SCC Grand Prix: Titled Tuesday Blitz"]
[Site "Chess.com"]
[Date "2020.09.08"]
[Round "8"]
[White "CalinGheorghiu"]
[Black "BJthechessgod"]
[Result "0-1"]
[WhiteElo "2319"]
[BlackElo "2228"]
[TimeControl "180+1"]
[EndTime "11:34:45 PDT"]
[Termination "BJthechessgod won by resignation"]

1. e4 c5 2. Nf3 Nc6 3. d4 cxd4 4. Nxd4 g6 5. Nc3 Bg7 6. Be3 Nf6 7. Be2 O-O 8. O-O d5 9. exd5 Nxd5 10. Nxd5 Qxd5 11.
Bf3 Qc4 12. Nxc6 bxc6 13. c3 Rb8 14. Qc1 Ba6 15. Rd1 Rfd8 16. Rxd8+ Rxd8 17. Bxa7 e5 18. Qe3 f5 19. b3 Qe6 20. Qb6 Qc8 21. Qxc6 e4 22.
Qxc8 Rxc8 23. Bd1 Rxc3 24. Be3 Rxe3 25. fxe3 Bxa1 26. b4 Bc3 27. Bb3+ Kg7 28. a3 Be1 29. Ba4 Bc4 30. b5 Ba5 31. Kf2 Kf6 0-1

[Event "*** SCC Grand Prix: Titled Tuesday Blitz"]
[Site "Chess.com"]
[Date "2020.09.08"]
[Round "8"]
[White "PawnEatingZombie"]
[Black "giantslayer83"]
[Result "0-1"]
[WhiteElo "2188"]
[BlackElo "2697"]
[TimeControl "180+1"]
[EndTime "11:34:46 PDT"]
[Termination "giantslayer83 won on time"]

1. d4 Nf6 2. c4 g6 3. Nc3 Bg7 4. e4 d6 5. Be2 O-O 6. Be3 Na6 7.
Nf3 e5 8. O-O c6 9. dxe5 dxe5 10. c5 Nc7 11. h3 Nh5 12. Qc2 Nf4 13. Rfd1 Qf6 14. Nd2 Nce6 15. Bc4 Nd4 16. Qa4 Bxh3 17. Bxf4 exf4 18. gxh3 f3 19. Bf1 Qf4 20. Nc4 b5 21. cxb6 axb6 22. Qb4 b5 23. Qd6 Qg5+ 24. Qg3 Qxg3+ 25. fxg3 bxc4 0-1

[Event "*** SCC Grand Prix: Titled Tuesday Blitz"]
[Site "Chess.com"]
[Date "2020.09.08"]
[Round "8"]
[White "dpopadic"]
[Black "Quiet_Desperation"]
[Result "1-0"]
[WhiteElo "2362"]
[BlackElo "2015"]
[TimeControl "180+1"]
[EndTime "11:34:48 PDT"]
[Termination "dpopadic won by resignation"]

1. e4 e6 2. Nf3 d5 3. e5 c5 4. b4 Nc6 5. bxc5 d4 6. Bb5 Bxc5 7. Bxc6+ bxc6 8. O-O Ne7 9. d3 Ng6 10. Nbd2 O-O 11.
Bb2 f6 12. exf6 gxf6 13. Nb3 Bb6 14. Bxd4 e5 15. Be3 f5 16. Re1 f4 17. Bxb6 axb6 18.
h3 Nh4 19. Nxh4 Qxh4 20. Qf3 Kh8 21. Rxe5 Rg8 22. Rh5 Rxg2+ 23. Kxg2 Bxh3+ 24. Qxh3 f3+ 25. Kh1 1-0

[Event "*** SCC Grand Prix: Titled Tuesday Blitz"]
[Site "Chess.com"]
[Date "2020.09.08"]
[Round "8"]
[White "AniJak"]
[Black "Yashasd1995"]
[Result "1-0"]
[WhiteElo "2370"]
[BlackElo "2634"]
[TimeControl "180+1"]
[EndTime "11:34:50 PDT"]
[Termination "AniJak won by resignation"]

1. e4 d5 2. exd5 Nf6 3. d4 Bg4 4. Be2 Bxe2 5. Nxe2 Qxd5 6. O-O Nc6 7. b3 e6 8. c4 Qf5 9. Nbc3 O-O-O 10. h3 g5 11. Ng3 Qg6 12. Be3 h5 13. d5 h4 14. Nge2 exd5 15.
cxd5 Nb4 16. Bxa7 Nfxd5 17. Nxd5 Rxd5 18. Qc1 Bg7 19. Rb1 Rhd8 20. Bc5 Nd3 21. Qa3 Nxc5 22. Nc3 Na6 23. Nxd5 Rxd5 24. Rfe1 Rd8 25. Rbc1 Qd6 26. Qa5 Qd5 27. Qa4 Bf8 28. Qg4+ Kb8 29. Red1 f5 30. Rxd5 Rxd5 31. Qxg5 Ka7 32. Qxh4 Bc5 33. Qc4 Rd2 34. Rf1 Rxa2 35. h4 Rd2 36. h5 Rd4 37.
Qc3 Rh4 38. Qf3 Nb4 39. Qxf5 Bd6 40. g3 Rf4 41. gxf4 1-0

[Event "*** SCC Grand Prix: Titled Tuesday Blitz"]
[Site "Chess.com"]
[Date "2020.09.08"]
[Round "8"]
[White "ClydeHillKid"]
[Black "Resignify"]
[Result "1-0"]
[WhiteElo "2338"]
[BlackElo "2218"]
[TimeControl "180+1"]
[EndTime "11:34:50 PDT"]
[Termination "ClydeHillKid won by checkmate"]

1. e4 c5 2. Nf3 Nc6 3. d4 cxd4 4. Nxd4 Nf6 5. Nc3 e5 6. Ndb5 d6 7. Bg5 a6 8. Bxf6 gxf6 9. Na3 b5 10. Nd5 f5 11.
Bd3 f4 12. c3 Be6 13. Nc2 Bg7 14. a4 bxa4 15. Rxa4 a5 16. Bb5 Bd7 17. Rc4 Rc8 18.
Bxc6 Rxc6 19. Rxc6 Bxc6 20. Qg4 O-O 21. c4 Bxd5 22.
cxd5 Qb6 23. O-O Qxb2 24. Ne1 a4 25. Nf3 a3 26. Nh4 Kh8 27. Nf5 Rg8 28. Nxd6 a2 29. Nxf7# 1-0

[Event "*** SCC Grand Prix: Titled Tuesday Blitz"]
[Site "Chess.com"]
[Date "2020.09.08"]
[Round "8"]
[White "ARTHURMOTIVATOR"]
[Black "el-roedor"]
[Result "1-0"]
[WhiteElo "2381"]
[BlackElo "2546"]
[TimeControl "180+1"]
[EndTime "11:34:51 PDT"]
[Termination "ARTHURMOTIVATOR won by checkmate"]

1. e4 c5 2. b3 g6 3. Bb2 Nf6 4. e5 Nd5 5. Nf3 Bg7 6. d4 cxd4 7.
Qxd4 Nc7 8. Nbd2 Nc6 9. Qe4 d5 10. Qe2 b6 11. O-O-O e6 12. h4 h5 13. Ng5 Ba6 14. Qf3 Qd7 15. Bxa6 Nxa6 16. Nc4 O-O 17. g4 hxg4 18. Qxg4 Qe7 19. h5 dxc4 20. hxg6 f5 21. Qh5 Bxe5 22. Bxe5 Nxe5 23. Qh8# 1-0

[Event "*** SCC Grand Prix: Titled Tuesday Blitz"]
[Site "Chess.com"]
[Date "2020.09.08"]
[Round "8"]
[White "PowerThinking2650"]
[Black "Thereisnof0rk"]
[Result "1-0"]
[WhiteElo "2398"]
[BlackElo "2232"]
[TimeControl "180+1"]
[EndTime "11:34:51 PDT"]
[Termination "PowerThinking2650 won on time"]

1. e4 c5 2. Nf3 d6 3. d4 Nf6 4.
Nc3 cxd4 5. Nxd4 a6 6. Bc4 e6 7. O-O Be7 8. f4 O-O 9. f5 b5 10. Bb3 b4 11. Na4 e5 12. Ne2 Bb7 13. Ng3 Nxe4 14.
Nxe4 Bxe4 15. Bd5 Bxd5 16. Qxd5 Nd7 17. Be3 Nf6 18. Qf3 d5 19. Rad1 d4 20. Bg5 Qa5 21. b3 Rac8 22. Rd2 Rc6 23. Qxc6 1-0

[Event "*** SCC Grand Prix: Titled Tuesday Blitz"]
[Site "Chess.com"]
[Date "2020.09.08"]
[Round "8"]
[White "Sven_Tica"]
[Black "aliba25"]
[Result "0-1"]
[WhiteElo "2690"]
[BlackElo "2580"]
[TimeControl "180+1"]
[EndTime "11:34:52 PDT"]
[Termination "aliba25 won by resignation"]

1. d4 Nf6 2. c4 c5 3. d5 b5 4. cxb5 a6 5. e3 g6 6. Nc3 Bg7 7. Nf3 O-O 8. a4 e6 9. Ra3 Bb7 10. Bc4 axb5 11. axb5 Rxa3 12. bxa3 Qa5 13. Bd2 Qxa3 14.
e4 exd5 15. exd5 Re8+ 16. Kf1 d6 17. g3 Nbd7 18. Kg2 Nb6 19. Bb3 c4 20. Bc2 Nfxd5 21. Nxd5 Nxd5 22. Re1 Rxe1 23. Qxe1 Nc7 24. Be3 Nxb5 25.
Qb1 Bc6 26. Be4 d5 27. Bxd5 Bxd5 28. Qxb5 Qa8 29. Kh3 Bxf3 30. Qxc4 h5 31. Bg5 Bg4+ 32. Kh4 Qg2 0-1

[Event "*** SCC Grand Prix: Titled Tuesday Blitz"]
[Site "Chess.com"]
[Date "2020.09.08"]
[Round "8"]
[White "FMalexhdez"]
[Black "dosto07"]
[Result "1-0"]
[WhiteElo "2220"]
[BlackElo "2291"]
[TimeControl "180+1"]
[EndTime "11:34:54 PDT"]
[Termination "FMalexhdez won by resignation"]

1. e4 e5 2. Nf3 Nc6 3. Bc4 Bc5 4.
d3 d6 5. O-O Nf6 6. c3 a6 7. Bb3 Ba7 8. Nbd2 O-O 9. h3 h6 10. Re1 Ne7 11. Nf1 Ng6 12. d4 c6 13.
Ng3 Re8 14. Bc2 Be6 15. Nf5 exd4 16. N3xd4 Bc8 17. Qf3 d5 18. Nxh6+ gxh6 19. Bxh6 dxe4 20. Qg3 Bxd4 21. cxd4 Nh5 22. Qe3 Qh4 23. Bg5 Bf5 24. Bxh4 Nxh4 25. Qg5+ Bg6 26. Qxh4 Rad8 27. Rad1 Rd5 28.
Bxe4 1-0

[Event "*** SCC Grand Prix: Titled Tuesday Blitz"]
[Site "Chess.com"]
[Date "2020.09.08"]
[Round "8"]
[White "Evgeny81"]
[Black "wonderfultime"]
[Result "0-1"]
[WhiteElo "2669"]
[BlackElo "2924"]
[TimeControl "180+1"]
[EndTime "11:35:01 PDT"]
[Termination "wonderfultime won by checkmate"]

1. d4 d5 2. c4 c6 3. Nf3 Nf6 4. Nbd2 Bf5 5. Nh4 Be4 6. e3 e6 7.
Be2 Bd6 8. O-O Nbd7 9. Nxe4 Nxe4 10. Nf3 O-O 11. Qc2 f5 12. b4 Rf6 13. b5 Rh6 14. g3 Rc8 15. bxc6 bxc6 16. Rb1 Ndf6 17. Ne5 Bxe5 18.
dxe5 Ng4 19. f3 Nxh2 20. fxe4 Qg5 21. Kg2 Nxf1 22. Bxf1 Qh5 23. Kf2 Qh2+ 24. Bg2 fxe4 25.
Ba3 Rh5 26. Rf1 Rf5+ 27. Ke1 Qxg3+ 28. Kd1 Rxf1+ 29. Bxf1 Qxe3 30. Bd6 d4 31. c5 d3 32. Qb3 Re8 33. Qb7 Qf3+ 34. Kd2 Qf2+ 35. Kc3 Qc2+ 36. Kd4 d2 37. Be2 d1=Q+ 38. Bxd1 Qd3# 0-1

[Event "*** SCC Grand Prix: Titled Tuesday Blitz"]
[Site "Chess.com"]
[Date "2020.09.08"]
[Round "8"]
[White "ViktoriyaTarasova"]
[Black "Shubinkirill2003"]
[Result "0-1"]
[WhiteElo "2258"]
[BlackElo "2644"]
[TimeControl "180+1"]
[EndTime "11:35:01 PDT"]
[Termination "Shubinkirill2003 won by resignation"]

1. d4 e6 2. c4 Nf6 3. Nc3 Bb4 4.
Qc2 d6 5. Bd2 Nbd7 6. Nf3 O-O 7.
a3 Bxc3 8. Bxc3 Re8 9. e4 e5 10. d5 a5 11. Nd2 a4 12. Be2 Nc5 13. O-O Bd7 14. Rae1 c6 15. h3 Qb6 16. Kh2 Rac8 17. f4 cxd5 18. exd5 e4 19. Bxf6 gxf6 20. Qc3 Kg7 21.
g4 e3 22. g5 exd2 23. gxf6+ Kh8 24. Qxd2 Ne4 25. Qd3 Qxb2 26. Rg1 Qxf6 27. Bf3 Nc5 28. Qd2 Bf5 29. Rxe8+ Rxe8 30. Re1 Rxe1 31. Qxe1 Qb2+ 32.
Kh1 Qd4 33. Qe8+ Kg7 0-1

[Event "*** SCC Grand Prix: Titled Tuesday Blitz"]
[Site "Chess.com"]
[Date "2020.09.08"]
[Round "8"]
[White "Mikhail_Golubev"]
[Black "denispopov"]
[Result "0-1"]
[WhiteElo "2559"]
[BlackElo "1990"]
[TimeControl "180+1"]
[EndTime "11:35:06 PDT"]
[Termination "denispopov won by checkmate"]

1. e4 c5 2. Nf3 Nc6 3. Nc3 e5 4. Bc4 Be7 5. d3 Nf6 6. Ng5 O-O 7. h4 Na5 8. Nd5 Nxc4 9. Nxf6+ Bxf6 10. dxc4 d6 11. Qd3 h6 12. Nf3 Be7 13. Be3 f5 14. O-O-O fxe4 15. Qxe4 Bf5 16. Qxb7 Rb8 17. Qd5+ Kh8 18.
Nd2 Qa5 19. Kb1 Qc3 20. Nb3 Qxc2+ 21. Ka1 Be4 22. Qe6 Rxb3 23. Qxe7 Qxb2# 0-1

[Event "*** SCC Grand Prix: Titled Tuesday Blitz"]
[Site "Chess.com"]
[Date "2020.09.08"]
[Round "8"]
[White "kayrakamer"]
[Black "Oligan22"]
[Result "0-1"]
[WhiteElo "2599"]
[BlackElo "2474"]
[TimeControl "180+1"]
[EndTime "11:35:07 PDT"]
[Termination "Oligan22 won by checkmate"]

1. Nc3 d5 2. e4 dxe4 3. Nxe4 Nf6 4. Nxf6+ exf6 5. d4 Bd6 6. Bd3 O-O 7. Ne2 Re8 8.
O-O Nd7 9. c4 c6 10. Be3 Nf8 11. Qc2 Qc7 12. h3 Be6 13. Rac1 Ng6 14. Qb1 Qd7 15. b4 Bxh3 16. gxh3 Qxh3 17. Rfd1 Nh4 18. Be4 Rxe4 19. Qxe4 Nf3+ 20. Qxf3 Qxf3 21. Kf1 Bxb4 22. d5 Re8 23. d6 c5 24. d7 Rd8 25. Rd5 Rxd7 26.
Ng1 Qg4 27. Rcd1 Rxd5 28. Rxd5 h5 29. Rd3 Qxc4 30. Ke2 Qxa2+ 31. Kf3 g5 32. Rd7 Qe6 33. Rd8+ Kg7 34. Ke2 Qc4+ 35. Kf3 Qg4# 0-1

[Event "*** SCC Grand Prix: Titled Tuesday Blitz"]
[Site "Chess.com"]
[Date "2020.09.08"]
[Round "8"]
[White "bocah_sakit"]
[Black "PSvidler"]
[Result "1-0"]
[WhiteElo "2683"]
[BlackElo "2902"]
[TimeControl "180+1"]
[EndTime "11:35:12 PDT"]
[Termination "bocah_sakit won by resignation"]

1. e4 c5 2. Nf3 d6 3. d4 cxd4 4.
Nxd4 Nf6 5. Nc3 a6 6. Bg5 Nbd7 7. f4 h6 8. Bxf6 Nxf6 9. f5 g5 10. fxg6 fxg6 11. Qf3 Qc7 12. O-O-O Bg7 13. Qg3 g5 14. Be2 O-O 15. h4 Qc5 16. Nb3 gxh4 17.
Qxg7+ Kxg7 18. Nxc5 dxc5 19. Rxh4 Be6 20. Rdh1 Rh8 21.
Bf3 Rab8 22. Ne2 b5 23. Nf4 Rb6 24. e5 Ne8 25. Bg4 Bf7 26. Bd7 Kf8 27. Rf1 Rg8 28. Ne6+ 1-0

[Event "*** SCC Grand Prix: Titled Tuesday Blitz"]
[Site "Chess.com"]
[Date "2020.09.08"]
[Round "8"]
[White "WiktoriaPOL"]
[Black "rududuyk"]
[Result "1-0"]
[WhiteElo "1973"]
[BlackElo "2121"]
[TimeControl "180+1"]
[EndTime "11:35:14 PDT"]
[Termination "WiktoriaPOL won by resignation"]

1. c4 e5 2. Nc3 Nc6 3. Nf3 Bc5 4. e3 d6 5. d4 Bb6 6. dxe5 Nxe5 7. Nxe5 dxe5 8.
Qxd8+ Kxd8 9. b4 c6 10. c5 Bc7 11. Bb2 Ke7 12. O-O-O Be6 13. Kb1 a6 14. Be2 Nf6 15. Bf3 Rhd8 16. Rxd8 Rxd8 17. Rd1 Rxd1+ 18. Nxd1 Bd5 19. Bxd5 Nxd5 20. a3 f5 21. Nc3 Nxc3+ 22. Bxc3 g5 23. Kc2 Ke6 24. Kd3 Kd5 25. g3 h5 26. f3 h4 27. e4+ fxe4+ 28. fxe4+ Ke6 29. gxh4 gxh4 30. h3 Bd8 31. Be1 Be7 32. Ke3 Bg5+ 33.
Kf3 Bc1 34. Bxh4 Bxa3 35. Be1 a5 36. bxa5 Bxc5 37. Kg4 Kf6 38. h4 Kg7 39. Kg5 Be7+ 40. Kf5 Bd6 41. Ke6 Bb8 42. Bg3 Kg6 43. Bxe5 Ba7 44.
Bg3 Bc5 45. e5 Bb4 46. a6 bxa6 47. Kd7 c5 48. e6 c4 49. Bd6 Bxd6 50. Kxd6 c3 51.
e7 Kf7 52. Kd7 1-0

[Event "*** SCC Grand Prix: Titled Tuesday Blitz"]
[Site "Chess.com"]
[Date "2020.09.08"]
[Round "8"]
[White "Barcelona_Guy"]
[Black "hellokostya"]
[Result "0-1"]
[WhiteElo "2626"]
[BlackElo "2499"]
[TimeControl "180+1"]
[EndTime "11:35:15 PDT"]
[Termination "hellokostya won by resignation"]

1. e4 Nc6 2. Nf3 d6 3. d4 Nf6 4. Nc3 g6 5. Be3 Bg7 6. Qd2 O-O 7. Bh6 a6 8. h4 b5 9. d5 b4 10. Bxg7 Kxg7 11. dxc6 bxc3 12. Qxc3 e5 13. Bd3 Bg4 14. O-O-O Bxf3 15. gxf3 Nh5 16. Kb1 Qf6 17. Bc4 Rfb8 18. Bd5 Rb6 19. b3 Rab8 20. Kb2 h6 21. a4 Ra8 22. a5 Rb5 23. Ra1 Rc5 24. Qe3 Rb8 25.
c4 Nf4 26. Kc3 Nxd5+ 27. exd5 e4+ 28. Kc2 Rxc4+ 29. bxc4 Qb2+ 30. Kd1 Qxa1+ 31. Kc2 Rb2+ 32. Kc3 Rb1+ 0-1

[Event "*** SCC Grand Prix: Titled Tuesday Blitz"]
[Site "Chess.com"]
[Date "2020.09.08"]
[Round "8"]
[White "swimmerchess"]
[Black "Caracternin123"]
[Result "1-0"]
[WhiteElo "2862"]
[BlackElo "2708"]
[TimeControl "180+1"]
[EndTime "11:35:16 PDT"]
[Termination "swimmerchess won by resignation"]

1. e4 Nf6 2. e5 Nd5 3. d4 d6 4. c4 Nb6 5. f4 dxe5 6. fxe5 Nc6 7. Be3 Bf5 8. Nc3 e6 9. Nf3 Be7 10. d5 exd5 11. cxd5 Nb4 12. Nd4 Bg6 13. Bb5+ Kf8 14.
O-O Kg8 15. d6 cxd6 16. e6 Qc8 17. Qb3 d5 18. a3 Nc6 19. Nxd5 Nxd5 20. Qxd5 Nxd4 21.
exf7+ Kf8 22. Bxd4 Qd8 23. Qe5 Bf6 24. Bc5+ Be7 25.
Rae1 1-0

[Event "*** SCC Grand Prix: Titled Tuesday Blitz"]
[Site "Chess.com"]
[Date "2020.09.08"]
[Round "8"]
[White "boasovietica"]
[Black "DinaBelenkaya"]
[Result "0-1"]
[WhiteElo "2455"]
[BlackElo "2294"]
[TimeControl "180+1"]
[EndTime "11:35:17 PDT"]
[Termination "DinaBelenkaya won on time"]

1. e4 d5 2. Nc3 dxe4 3. Nxe4 Nf6 4. Ng3 h5 5. h4 Bg4 6. Be2 Nc6 7. Nf3 e6 8. d4 Be7 9. Be3 Nd5 10. Qd2 Nxe3 11. Qxe3 Qd5 12. a3 O-O-O 13. O-O Nxd4 14. Rfd1 Nxe2+ 15. Nxe2 Qc5 16. Qf4 Bf6 17. Nc3 e5 18. Qe4 Kb8 19.
Nd5 Bxf3 20. Qxf3 Bxh4 21. c4 e4 22. Qf4 g5 23. Qxf7 Rhf8 0-1

[Event "*** SCC Grand Prix: Titled Tuesday Blitz"]
[Site "Chess.com"]
[Date "2020.09.08"]
[Round "8"]
[White "barbosean"]
[Black "parnali1611"]
[Result "0-1"]
[WhiteElo "2295"]
[BlackElo "2183"]
[TimeControl "180+1"]
[EndTime "11:35:18 PDT"]
[Termination "parnali1611 won on time"]

1. e4 e5 2. Nf3 Nc6 3. Bb5 a6 4. Bxc6 dxc6 5. O-O Bd6 6. d4 exd4 7. Qxd4 f6 8. Be3 Bg4 9. Nbd2 c5 10. Qc3 b6 11.
h3 Be6 12. Nc4 Ne7 13. Rad1 O-O 14. Nxd6 cxd6 15. Bf4 Nc8 16. Qd2 Bc4 17. Rfe1 Rf7 18. b3 Be6 19. c4 Rd7 20. Bg3 Qf8 21. Nh4 b5 22. Qc2 Qf7 23. Rc1 Nb6 24. cxb5 axb5 25. Nf5 Bxf5 26. exf5 c4 27. Re6 Nd5 28. Rd1 Nb4 29.
Qd2 Nxa2 30. bxc4 bxc4 31. Qc2 c3 32. Ra1 Rda7 33. Bxd6 Qb7 34. Re7 Qb2 0-1

[Event "*** SCC Grand Prix: Titled Tuesday Blitz"]
[Site "Chess.com"]
[Date "2020.09.08"]
[Round "8"]
[White "pitterson"]
[Black "DarZay"]
[Result "1-0"]
[WhiteElo "2239"]
[BlackElo "2046"]
[TimeControl "180+1"]
[EndTime "11:35:18 PDT"]
[Termination "pitterson won on time"]

1. d4 d5 2. Nf3 Nf6 3. c4 e6 4. g3 Be7 5. Bg2 O-O 6. O-O c5 7. Nc3 Nc6 8. cxd5 exd5 9. dxc5 Bxc5 10. b3 Bf5 11. Bb2 Rc8 12. Rc1 Bb6 13. Na4 Bc7 14. Nd4 Nxd4 15. Qxd4 Re8 16. e3 Be5 17. Qd2 b5 18. Nc5 Ne4 19. Nxe4 dxe4 20. Rxc8 Qxc8 21. Bxe5 Rxe5 22. Rc1 Qd7 23. Qxd7 1-0

[Event "*** SCC Grand Prix: Titled Tuesday Blitz"]
[Site "Chess.com"]
[Date "2020.09.08"]
[Round "8"]
[White "Sibelephant"]
[Black "TigrVShlyape"]
[Result "1-0"]
[WhiteElo "3111"]
[BlackElo "2812"]
[TimeControl "180+1"]
[EndTime "11:35:19 PDT"]
[Termination "Sibelephant won by resignation"]

1. c4 c6 2. e4 d5 3. exd5 cxd5 4.
d4 Nf6 5. Nc3 g6 6. Qb3 Bg7 7.
cxd5 O-O 8. Be2 Na6 9. Bf3 Qb6 10.
Qxb6 axb6 11. Nge2 Nb4 12. O-O Rd8 13. d6 Rxd6 14. Bf4 Rd7 15. Rfd1 e6 16. Rac1 Nbd5 17. Be5 Bh6 18. Nxd5 Nxd5 19. Rc2 Rd8 20. Nc3 Nb4 21. Re2 Nxa2 22. Ne4 Bg7 23. Nf6+ Kh8 24. Rc2 Nb4 25. Rc7 Nc6 26. Bxc6 bxc6 27. Rxf7 c5 28. Ne8 1-0